 Dungeon Crawl Stone Soup version 0.27-a0-1181-g5f64966fcc (webtiles) character file.

Game seed: 14051280999154572855

138 ZappyNine the Skirmisher (level 5, -21/43 HPs)
             Began as a Demonspawn Fighter on May 17, 2021.
             Demolished by an ogre
             ... wielding a +0 giant spiked club
              (24 damage)
             ... on level 4 of the Dungeon.
             The game lasted 00:01:39 (2788 turns).

ZappyNine the Skirmisher (Demonspawn Fighter)       Turns: 2788, Time: 00:01:40

Health: -21/43     AC:  7    Str: 17    XL:     5   Next: 1%
Magic:  5/5        EV:  6    Int: 10    God:
Gold:   111        SH:  8    Dex: 12    Spells: 4/4 levels left

rFire    . . .     SeeInvis .   a - +0 flail
rCold    . . .     Faith    .   c - +0 kite shield
rNeg     . . .     Spirit   .   b - +0 scale mail
rPois    .         Reflect  .   (helmet restricted)
rElec    .         Harm     .   g - +0 cloak
rCorr    .         Rampage  .   (no gloves)
Will     .....                  (no boots)
Stlth    ..........             (no amulet)
HPRegen  0.14/turn              (no ring)
MPRegen  0.09/turn              (no ring)

@: mighty
A: claws 1, horns 1, foul stench 1
a: no special abilities


You were on level 4 of the Dungeon.
You visited 1 branch of the dungeon, and saw 4 of its levels.

You collected 111 gold pieces.

Inventory:

Hand Weapons
 a - a +0 flail (weapon)
Armour
 b - a +0 scale mail (worn)
 c - a +0 kite shield (worn)
 g - a +0 cloak (worn)
Wands
 n - a wand of flame (20)
Scrolls
 e - 3 scrolls of identify {unknown}
 f - a scroll of enchant armour {unknown}
 h - a scroll of acquirement {unknown}
 k - a scroll of summoning {unknown}
 o - a scroll of holy word {unknown}
Potions
 i - a potion of degeneration {unknown}
 j - 2 potions of haste {unknown}
 l - 2 potions of curing {unknown}
 m - a potion of ambrosia {unknown}


   Skills:
 + Level 4.5 Fighting
 + Level 3.5 Maces & Flails
 - Level 2.6 Armour
 - Level 2.6 Shields


You had 4 spell levels left.
You didn't know any spells.
Your spell library contained the following spells:

 Spells                   Type           Power      Damage    Failure   Level
 Shock                    Conj/Air       0%         1d3       99%         1
 Static Discharge         Conj/Air       0%         N/A       100%        2
 Swiftness                Air            0%         N/A       100%        3
 Airstrike                Air            0%         N/A       100%        4
 Lightning Bolt           Conj/Air       0%         1d11      100%        5


Dungeon Overview and Level Annotations

Branches:
Dungeon (4/15)
 Temple: D:4-7

Altars:
Nemelex Xobeh


Innate Abilities, Weirdness & Mutations

You have sharp fingernails.
You have a pair of small horns on your head.
You may rarely emit foul miasma when damaged in melee.


Message History

You hit the jackal but do no damage.
The jackal bites you but does no damage.
The jackal barely misses you.
You closely miss the jackal. The jackal closely misses you.
The jackal bites you.
You closely miss the jackal. You block the jackal's attack.
The jackal bites you but does no damage.
You barely miss the jackal. Your headbutt misses the jackal.
The jackal closely misses you. The jackal barely misses you.
You feel very mighty all of a sudden. The jackal barely misses you.
The jackal closely misses you.
You closely miss the jackal. You block the jackal's attack.
You closely miss the jackal. The jackal bites you. x2
You block the jackal's attack.
You barely miss the jackal. You headbutt the jackal.
The jackal is lightly wounded.
The jackal closely misses you.
You barely miss the jackal.
The jackal is lightly wounded.
You block the jackal's attack. The jackal bites you. x2
You bludgeon the jackal!!
You kill the jackal!
The jackal bites you but does no damage.
You block the jackal's attack.
You hit the jackal. You headbutt the jackal.
You kill the jackal!
The jackal bites you but does no damage.
You have reached level 5!
You bludgeon the jackal!!
You kill the jackal!
The ogre hits you with a +0 giant spiked club!!
Ouch! That really hurt!
* * * LOW HITPOINT WARNING * * *
You emit a cloud of foul miasma!
You hit the ogre. You headbutt the ogre!
The ogre is severely wounded.
The ogre is engulfed in dark miasma.
The ogre is poisoned.
The ogre hits you with a +0 giant spiked club!!
Ouch! That really hurt!
You die...

##...## #.....#
#.# .# ..8..
..##.## #...#
....... #..(#
....... #.<.#
....... #...#
.......
#.###...###.......
#.....8..@OJ......
####.....##.......
##...## .(.....
##(## ....... #+#
####.## #


You could see an ogre (poisoned) and an endoplasm.

Vanquished Creatures
  A hound (D:4)
  3 adders (D:2)
  A worm (D:3)
  A dart slug (D:2)
  2 orcs
  12 ball pythons
  4 endoplasms
  4 giant cockroaches
  10 goblins
  5 hobgoblins
  9 jackals
  8 kobolds
  A quokka (D:2)
  3 bats
  A frilled lizard (D:1)
  4 rats
69 creatures vanquished.

Notes
Turn   | Place    | Note
-------+----------+-------------------------------------------
     0 | D:1      | ZappyNine the Demonspawn Fighter began the quest for the
                  | Orb.
     0 | D:1      | Reached XP level 1. HP: 18/18 MP: 1/1
   101 | D:1      | Gained mutation: You have a pair of small horns on your
                  | head. [demonic ancestry]
   101 | D:1      | Reached XP level 2. HP: 19/24 MP: 2/2
   816 | D:1      | Found a faded altar of an unknown god.
  1137 | D:2      | Gained mutation: You have sharp fingernails. [demonic
                  | ancestry]
  1137 | D:2      | Reached XP level 3. HP: 29/30 MP: 3/3
  1300 | D:2      | Reached skill level 4 in Fighting
  1372 | D:2      | Gained mutation: You may rarely emit foul miasma when
                  | damaged in melee. [demonic ancestry]
  1372 | D:2      | Reached XP level 4. HP: 25/37 MP: 4/4
  2423 | D:3      | Found a sparkling altar of Nemelex Xobeh.
  2770 | D:4      | Noticed an ogre
  2787 | D:4      | Reached XP level 5. HP: 29/43 MP: 5/5
  2788 | D:4      | Demolished by an ogre

Illustrated notes

Levels and vault maps discovered:
D:1:      co_arrival_square_in_a_square_in_a_square, layout_basic,
          shapermc_ecumenical_altar_mp_urbaneastern, minmay_stone_trees_medium
D:2:      layout_rooms, minmay_tetromino_l2
D:3:      layout_basic, nemelex_diamond_rough_becter
D:4:      layout_loops_cross, minmay_overflow_temple_star_hex,
          minmay_temple_entry_waves, minivault_11, grunt_ministairs_15,
          item_on_display_a, uniq_natasha

Skill      XL: |  1  2  3 |
---------------+----------+-----
Maces & Flails | 2 3 |  3.5
Fighting       | 4 |  4.5
Armour         | |  2.6
Shields        | |  2.6

Action                   |  1- 3 |  4- 6 || total
-------------------------+-------+-------++-------
Melee: Flail             |   101 |    77 ||   178
       Headbutt          |    15 |    14 ||    29
  Use: Potion            |       |     1 ||     1
Armor: Scale mail        |    72 |    47 ||   119
Dodge: Dodged            |    34 |    37 ||    71
Block: Kite shield       |    57 |    34 ||    91

Table legend: (Time is in decaauts)
 A = Elapsed time spent in this place.
 B = Non-inter-level travel time spent in this place.
 C = Inter-level travel time spent in this place.
 D = Time resting spent in this place.
 E = Time spent auto-exploring this place.
 F = Levels seen in this place.
 G = Mean time per level.
                   A        B        C        D        E       F      G
               +--------+--------+--------+--------+--------+-----+--------+
         Total |   2877 |   2830 |     47 |    163 |   2226 |   4 |  719.2 |
       Dungeon |   2877 |   2830 |     47 |    163 |   2226 |   4 |  719.2 |
               +--------+--------+--------+--------+--------+-----+--------+

Top non-repeatable levels by time:
     D:1: 1156 daAuts
     D:3: 885 daAuts
     D:2: 686 daAuts
     D:4: 148 daAuts
